 Dungeon Crawl Stone Soup version 0.26.1-11-gd32895ea62 (webtiles) character file.

Game seed: 3290131137188687893

114 Zeld the Chopper (level 4, -10/39 HPs)
             Began as a Minotaur Berserker on May 24, 2021.
             Was a Believer of Trog.
             Mangled by a gnoll
             ... wielding a +0 flail
              (13 damage)
             ... on level 3 of the Dungeon.
             The game lasted 00:02:02 (1781 turns).

Zeld the Chopper (Minotaur Berserker)               Turns: 1781, Time: 00:02:02

Health: -10/39     AC:  1    Str: 22    XL:     4   Next: 66%
Magic:  3/3        EV:  9    Int:  4    God:    Trog [**....]
Gold:   31         SH:  7    Dex: 10    Spells: 3/3 levels left

rFire    . . .     SeeInvis .   a - +0 hand axe
rCold    . . .     Faith    .   g - +0 kite shield
rNeg     . . .     Spirit   .   (no armour)
rPois    .         Reflect  .   (helmet restricted)
rElec    .         Harm     .   (no cloak)
rCorr    .         Rampage  .   d - +0 pair of gloves
Will     .....                  (no boots)
Stlth    +.........             (no amulet)
HPRegen  0.13/turn              (no ring)
MPRegen  0.08/turn              (no ring)

@: lethally poisoned (-10 -> -11), berserk cooldown, slowed, very slow
A: retaliatory headbutt, horns 2
a: Renounce Religion, Berserk, Trog's Hand


You were on level 3 of the Dungeon.
You worshipped Trog.
Trog was pleased with you.
You visited 1 branch of the dungeon, and saw 4 of its levels.

You collected 31 gold pieces.

Inventory:

Hand Weapons
 a - a +0 hand axe (weapon)
Armour
 d - a +0 pair of gloves (worn)
 g - a +0 kite shield (worn)
Scrolls
 b - a scroll of random uselessness {unknown}
 e - 3 scrolls of blinking {unknown}
 f - a scroll of identify {unknown}
 h - 2 scrolls of teleportation {unknown}
 j - a scroll of remove curse {unknown}
Potions
 c - a potion of lignification {unknown}
 i - 2 potions of heal wounds {unknown}


   Skills:
 - Level 3.6 Fighting
 * Level 6.6 Axes
 - Level 2.4 Armour
 - Level 2.1 Dodging


You had 3 spell levels left.
You didn't know any spells.
Your spell library was empty.

Dungeon Overview and Level Annotations

Branches:
Dungeon (4/15)
 Temple: D:4-7

Altars:


Innate Abilities, Weirdness & Mutations

You reflexively headbutt those who attack you in melee.
You have a pair of horns on your head.


Message History

Trog accepts your kill.
You feel sick.
A gnoll comes into view. It is wielding a +0 flail.
You feel a strong urge to attack something.
You are no longer berserk.
You are exhausted.
You feel yourself slow down.
You hit the gnoll. You headbutt the gnoll!
You kill the gnoll!
Trog accepts your kill.
You barely miss the kobold. Your headbutt misses the kobold.
You feel sick. The kobold barely misses you.
The kobold hits you with a +0 club.
* * * LOW HITPOINT WARNING * * *
You slash the kobold!
You kill the kobold!
Trog accepts your kill.
You hit the gnoll. You headbutt the gnoll.
The gnoll is moderately wounded.
The gnoll hits you with a +0 flail!
You die...

..# #...#.....##
..## #...##### ..#
#..## #.###...# #
#(#.....#
####.#().###.#
......††...# ...
#####.##.#.####..#
#. #.).@# #...
#....)#)).g......
#.......###....###
........ ......#
........ ?.###>#
........ ..# #
........ #..
........ ##.


You could see a gnoll.

Vanquished Creatures
  3 gnolls
  8 oozes (D:1)
  A worm (D:1)
  4 orcs (D:4)
  4 giant cockroaches (D:1)
  4 hobgoblins
  2 jackals (D:1)
  A quokka (D:3)
  A ball python skeleton (D:3)
  5 bats
  A frilled lizard (D:1)
  8 kobolds
  7 rats
49 creatures vanquished.

Notes
Turn   | Place    | Note
-------+----------+-------------------------------------------
     0 | D:1      | Zeld the Minotaur Berserker began the quest for the Orb.
     0 | D:1      | Reached XP level 1. HP: 19/19 MP: 0/0
     7 | D:1      | Found a runed translucent door.
    16 | D:1      | Reached skill level 4 in Axes
    18 | D:1      | Reached XP level 2. HP: 19/26 MP: 1/1
    32 | D:1      | Reached skill level 5 in Axes
    37 | D:1      | Reached XP level 3. HP: 3/31 MP: 2/2
   826 | D:1      | Reached ** piety under Trog
   867 | D:1      | Reached skill level 6 in Axes
   867 | D:1      | Reached XP level 4. HP: 38/39 MP: 3/3
  1333 | D:2      | You fall into a shaft and drop 2 floors!
  1781 | D:3      | Mangled by a gnoll

Illustrated notes

Levels and vault maps discovered:
D:1:      dpeg_arrival_caged_fury, layout_basic
D:2:      layout_basic, minmay_3d_cube
D:3:      layout_rooms, makhleb_heckhound_becter, minmay_misc_feat_pillars
D:4:      layout_basic, grunt_gozag_statues, grunt_temple_overflow_diamond,
          minmay_misc_feat_roman, chequers_serial_rivers_large_b, uniq_sigmund

Skill      XL: |  1  2  3 |
---------------+----------+-----
Axes           | 4 5 6 |  6.6
Fighting       | |  3.6
Armour         | |  2.4
Dodging        | |  2.1

Action                   |  1- 3 |  4- 6 || total
-------------------------+-------+-------++-------
Melee: Hand axe          |    42 |    45 ||    87
       Headbutt          |     5 |     5 ||    10
Invok: Berserk           |     2 |     2 ||     4
Armor: Skin              |       |     5 ||     5
Dodge: Dodged            |    21 |    24 ||    45
Block: Kite shield       |       |    18 ||    18
